 Dungeon Crawl Stone Soup version 0.30-a0-953-g5f1da4a474 (webtiles) character file.

Game seed: 1510413863087218876

86 cforsyth the Trooper (level 4, -11/37 HPs)
             Began as a Formicid Fighter on Mar 29, 2023.
             Killed by divine providence
             ... invoked by an orc priest
              (17 damage)
             ... on level 3 of the Dungeon.
             The game lasted 00:02:25 (2247 turns).

cforsyth the Trooper (Formicid Fighter)             Turns: 2247, Time: 00:02:26

Health: -11/37     AC:  8    Str: 23    XL:     4   Next: 77%
Magic:  4/4        EV:  9    Int:  7    God:
Gold:   175        SH:  5    Dex: 13    Spells: 3/3 levels left

rFire   . . .      SeeInvis +    a - +0 flail
rCold   . . .      Faith    .    c - +0 buckler
rNeg    . . .      Spirit   .    b - +0 scale mail
rPois   .          Reflect  .    (helmet unavailable)
rElec   .          Rampage  .    (no cloak)
rCorr   .                        (no gloves)
Will    .....                    e - +0 pair of boots Stlth
                                 (no amulet)
HPRegen 0.26/turn                (no ring)
MPRegen 0.09/turn                (no ring)

@: no status effects
A: permanent stasis, dig shafts and tunnels, antennae 3, four strong arms
a: Dig, Shaft Self


You were on level 3 of the Dungeon.
You visited 1 branch of the dungeon, and saw 3 of its levels.

You collected 175 gold pieces.

Inventory:

Hand Weapons
 a - a +0 flail (weapon)
Armour
 b - a +0 scale mail (worn)
 c - a +0 buckler (worn)
 e - a +0 pair of boots (worn)
Jewellery
 j - a ring of willpower
Wands
 n - a wand of flame (28)
 o - a wand of digging (3)
Scrolls
 f - a scroll of fog {unknown}
 i - a scroll of teleportation {unknown}
 k - a scroll of poison {unknown}
 l - a scroll of blinking {unknown}
Potions
 d - 2 potions of might
 g - a potion of cancellation {unknown}
 h - 2 potions of curing
 m - 2 potions of ambrosia {unknown}


   Skills:
 + Level 4.1 Fighting
 * Level 3.9 Maces & Flails
 - Level 3.2 Armour
 - Level 4.0 Shields


You had 3 spell levels left.
You didn't know any spells.
Your spell library contained the following spells:

 Spells                   Type           Power      Damage    Failure   Level
 Vhi's Electric Charge    Tloc/Air       0%         N/A       99%         3
 Arcjolt                  Conj/Air       0%         1d10      100%        5
 Maxwell's Capacitive Co  Air            0%         ∞         100%        8


Dungeon Overview and Level Annotations

Branches:
Dungeon (3/15)

Altars:

Shops:
D:3 [


Innate Abilities, Weirdness & Mutations

You cannot be hasted, slowed, berserked, paralysed or teleported.
You can dig through walls and to a lower floor.
You have a pair of large antennae on your head. (SInv)
Your four strong arms can wield two-handed weapons with a shield.


Message History

You are too injured to fight recklessly!
You sock the orc!
You kill the orc!
You feel very sick.
* * * LOW HITPOINT WARNING * * *
You feel very sick.
Items here: $ )) ††.
An orc priest comes into view. It is wielding a +0 flail.
* * * LOW HITPOINT WARNING * * *
You feel very sick.
The orc priest shouts!
You hear a shout!
A jackal comes into view.
* * * LOW HITPOINT WARNING * * *
You feel sick.
Items here: $ )) ††.
* * * LOW HITPOINT WARNING * * *
You feel sick.
* * * LOW HITPOINT WARNING * * *
You feel sick.
* * * LOW HITPOINT WARNING * * *
You feel sick.
A jackal comes into view.
* * * LOW HITPOINT WARNING * * *
You feel sick.
It was a potion of curing.
You feel better.
The jackal barks!
The orc priest calls down the wrath of Beogh upon you.
You barely resist.
A jackal comes into view.
The orc priest begins to cast a cantrip, but forgets the words!
A jackal comes into view.
The orc priest hits you with a +0 flail.
* * * LOW HITPOINT WARNING * * *
You hit the orc priest but do no damage.
The orc priest hits you but does no damage.
You sock the orc priest!
The orc priest is almost dead.
The orc priest mumbles some strange prayers to Beogh against you.
Beogh smites you!
You die...

#.....# #.#
#..####.########.
#.........)......
#.#####.########.
#.#####.........
#.....##########
#####.........
#.######## #@#
#o# { #h# { #h#
#.hh......
#..........
##.........
##.####### #.. {


You could see an orc priest and 4 jackals.

Vanquished Creatures
  Robin (D:3)
  2 worms
  A dart slug (D:3)
  An orc (D:3)
  5 endoplasms
  2 giant cockroaches (D:1)
  17 goblins
  4 hobgoblins
  4 jackals (D:3)
  2 quokkas
  3 ball pythons
  3 bats
  3 frilled lizards
  7 kobolds
  3 rats
58 creatures vanquished.

Notes
Turn   | Place    | Note
-------+----------+-------------------------------------------
     0 | D:1      | cforsyth the Formicid Fighter began the quest for the Orb.
     0 | D:1      | Reached XP level 1. HP: 18/18 MP: 1/1
   139 | D:1      | Reached XP level 2. HP: 18/24 MP: 2/2
   440 | D:1      | Reached XP level 3. HP: 30/30 MP: 3/3
  1186 | D:2      | Found a faded altar of an unknown god.
  1245 | D:2      | Identified the +0 chain mail of Coxuniquro {Contam rF+
                  | Str+3}
  1812 | D:3      | Found Fuexycs's Armour Emporium.
  1894 | D:3      | Reached XP level 4. HP: 34/37 MP: 4/4
  2085 | D:3      | Noticed Robin
  2091 | D:3      | Killed Robin
  2247 | D:3      | Killed from afar by an orc priest

Illustrated notes

Levels and vault maps discovered:
D:1:      dpeg_arrival_tiny_a, layout_basic, minmay_misc_feat_rugged
D:2:      layout_basic, hellmonk_ecumenical_altar_lost_god
D:3:      minmay_evil_eye, layout_loops_ring, serial_shops,
          nicolae_shop_advertising_works [nicolae_subvault_shop_adworks],
          uniq_robin, uniq_natasha, uniq_ijyb

Skill      XL: |  1  2  3  4 |
---------------+-------------+-----
Maces & Flails | 3 |  3.9
Fighting       | 4 |  4.1
Armour         | |  3.2
Shields        | |  4.0

Action                     |  1- 3 |  4- 6 || total
---------------------------+-------+-------++-------
  Melee: Flail             |   110 |    64 ||   174
    Use: Potion            |       |     1 ||     1
 Armour: Scale mail        |    45 |    37 ||    82
  Dodge: Dodged            |    40 |    35 ||    75
  Block: Buckler           |    26 |    16 ||    42

Table legend: (Time is in decaauts)
 A = Elapsed time spent in this place.
 B = Non-inter-level travel time spent in this place.
 C = Inter-level travel time spent in this place.
 D = Time resting spent in this place.
 E = Time spent auto-exploring this place.
 F = Levels seen in this place.
 G = Mean time per level.
                   A        B        C        D        E       F      G
               +--------+--------+--------+--------+--------+-----+--------+
         Total |   2293 |   2248 |     45 |     56 |   1732 |   3 |  764.3 |
       Dungeon |   2293 |   2248 |     45 |     56 |   1732 |   3 |  764.3 |
               +--------+--------+--------+--------+--------+-----+--------+

Top non-repeatable levels by time:
     D:1: 886 daAuts
     D:2: 812 daAuts
     D:3: 595 daAuts
